 Dungeon Crawl Stone Soup version 0.32-a0-898-g7811c86cf0 (webtiles) character file.

Game seed: 10358907555829302180

165784 Bediveer the Eclecticist (level 17, -9/94 HPs)
             Began as an Octopode Conjurer on Apr 3, 2024.
             Was the Champion of Vehumet.
             Killed from afar by a thermic dynamo (37 damage)
             ... with a rebounding bolt of cold
             ... on level 2 of the Elven Halls on Apr 4, 2024.
             The game lasted 01:11:28 (34467 turns).

Bediveer the Eclecticist (Octopode Conjurer)       Turns: 34467, Time: 01:11:28

Health: -9/94      AC: 10    Str:  4    XL:     17   Next: 88%
Magic:  32/65      EV: 13    Int: 36    God:    Vehumet [******]
Gold:   2000       SH: 10    Dex: 11    Spells: 1/50 levels left

rFire   + . .        v - staff of conjuration {jason sucks}
rCold   . . .        m - +2 buckler
rNeg    . . .        o - +1 hat
rPois   +            B - amulet of reflection
rElec   +            U - +4 ring of protection
rCorr   +            V - ring of magical power
SInv    .            x - ring of protection from fire
Will    +....        w - ring of magical power
Stlth   +++          y - ring of poison resistance
HPRegen 0.35/turn    G - +6 ring of intelligence
MPRegen 0.39/turn    W - +4 ring of protection
                     R - ring of magical power

%: reflection
@: maw-form
A: devouring maw, reduced hp, almost no armour, amphibious, 8 rings, camouflage
1, gelatinous body 1, (nimble swimmer 1), tentacles
a: Begin Untransformation, Renounce Religion


You were on level 2 of the Elven Halls.
You worshipped Vehumet.
Vehumet was exalted by your worship.
You were a creature with a mouth for a stomach.
You visited 4 branches of the dungeon, and saw 24 of its levels.
You also visited: Sewer and Ice Cave.

You collected 3381 gold pieces.
You spent 1381 gold pieces at shops.

Inventory:

Missiles
 d - 60 poisoned darts
 k - 29 boomerangs
 q - 2 throwing nets
Armour
 m - a +2 buckler (worn)
 o - a +1 hat (worn)
Magical Staves
 v - a staff of conjuration (weapon) {jason sucks}
Jewellery
 a - a ring of flight
 b - a +6 ring of dexterity
 w - a ring of magical power (on tentacle)
 x - a ring of protection from fire (on tentacle)
 y - a ring of poison resistance (on tentacle)
 B - an amulet of reflection (around mantle)
 F - a ring of ice
 G - a +6 ring of intelligence (on tentacle)
 O - a ring of ice
 R - a ring of magical power (on tentacle)
 U - a +4 ring of protection (left tentacle)
 V - a ring of magical power (right tentacle)
 W - a +4 ring of protection (on tentacle)
 X - a ring of wizardry
Talismans
 T - the maw talisman of Devotion (active) {rElec rCorr Str-3 Int+3}
   (You found it on level 5 of the Lair of Beasts)

   [maw talisman]

   Str-3:     It affects your strength (-3).
   Int+3:     It affects your intelligence (+3).
   rElec:     It insulates you from electricity.
   rCorr:     It protects you from acid and corrosion.
Wands
 p - a wand of polymorph (8)
 t - a wand of paralysis (23)
 A - a wand of digging (4)
 C - a wand of flame (54)
 M - a wand of roots (13)
Scrolls
 c - 3 scrolls of blinking
 g - 10 scrolls of fog
 u - 9 scrolls of teleportation
 D - 4 scrolls of enchant weapon
 E - 2 scrolls of silence
 I - 5 scrolls of vulnerability
 L - 2 scrolls of immolation
 N - 3 scrolls of amnesia
 P - 5 scrolls of poison
 Q - 3 scrolls of fear
 S - 3 scrolls of enchant armour
 Y - a scroll of torment
Potions
 e - 13 potions of curing
 f - a potion of magic
 h - a potion of heal wounds
 i - 8 potions of might
 j - 3 potions of berserk rage
 l - 7 potions of attraction
 n - 2 potions of degeneration
 r - 4 potions of haste
 s - 3 potions of enlightenment
 z - 2 potions of mutation
 H - 2 potions of lignification
 J - a potion of resistance
 K - 3 potions of brilliance


   Skills:
 - Level 8.0 Fighting
 + Level 7.1 Dodging
 - Level 2.6 Stealth
 - Level 17.4 Spellcasting
 - Level 15.0 Conjurations
 - Level 10.0 Summonings
 + Level 6.1 Ice Magic
 + Level 11.9 Earth Magic
 - Level 4.0 Alchemy
 + Level 8.7 Shapeshifting


You had one spell level left.
You knew the following spells:

 Your Spells              Type           Power      Damage    Failure   Level
a - Magic Dart            Conj           100%       1d8       0%          1
b - Ozocubu's Refrigerat  Ice            33%        4d14      36%         7
c - Fulminant Prism       Conj/Alch      49%        3d21      1%          4
d - Iskenderun's Mystic   Conj/Tloc      91%        2d18      (+2d11%     4
e - Iskenderun's Battles  Conj           100%       2d15      1%          5
f - Bombard               Conj/Erth      56%        9d9       1%          6
g - Brom's Barrelling Bo  Conj/Erth      100%       2d11      1%          4
h - Spellforged Servitor  Conj/Summ      55%        N/A       3%          7
i - Lee's Rapid Deconstr  Erth           43%        3d21*     1%          5
j - Permafrost Eruption   Ice/Erth       38%        2x4d9     2%          6

Your spell library contained the following spells:

 Spells                   Type           Power      Damage    Failure   Level
 Starburst                Conj/Fire      45%        6d13      4%          6
 Foxfire                  Conj/Fire      100%       2x1d9     1%          1
 Shock                    Conj/Air       100%       1d9       1%          1
 Summon Small Mammal      Summ           100%       N/A       1%          1
 Searing Ray              Conj           100%       2d8       0%          2
 Call Imp                 Summ           100%       N/A       1%          2
 Mercury Vapours          Alch/Air       90%        N/A       1%          2
 Momentum Strike          Conj/Tloc      100%       3d10      1%          2
 Call Canine Familiar     Summ           80%        N/A       1%          3
 Frozen Ramparts          Ice            100%       1d16      1%          3
 Hailstorm                Conj/Ice       100%       3d16      1%          3
 Mephitic Cloud           Conj/Alch/Air  86%        N/A       1%          3
 Ozocubu's Armour         Ice            66%        N/A       1%          3
 Summon Ice Beast         Ice/Summ       73%        N/A       1%          3
 Leda's Liquefaction      Alch/Erth      36%        N/A       1%          4
 Fireball                 Conj/Fire      45%        3d18      1%          5
 Freezing Cloud           Conj/Ice/Air   44%        6-21      1%          5
 Summon Blazeheart Golem  Fire/Summ      61%        N/A       2%          4
 Summon Lightning Spire   Summ/Air       61%        N/A       2%          4
 Blink                    Tloc           62%        N/A       3%          2
 Lesser Beckoning         Tloc           62%        N/A       3%          2
 Sublimation of Blood     Necr           31%        N/A       3%          2
 Summon Cactus Giant      Summ           40%        N/A       5%          6
 Airstrike                Air            15%        2d(3-19)  6%          4
 Swiftness                Air            31%        N/A       7%          3
 Summon Forest            Summ/Tloc      30%        N/A       8%          5
 Summon Mana Viper        Hex/Summ       61%        N/A       8%          5
 Metabolic Englaciation   Hex/Ice        26%        N/A       17%         5
 Anguish                  Hex/Necr       15%        N/A       22%         4
 Cause Fear               Hex            15%        N/A       22%         4
 Summon Hydra             Summ           40%        N/A       30%         7
 Sculpt Simulacrum        Ice/Alch       30%        N/A       38%         6
 Dispersal                Tloc           15%        N/A       98%         6
 Gell's Gavotte           Tloc           15%        2d(18-27) 98%         6
 Enfeeble                 Hex            15%        N/A       100%        7
 Manifold Assault         Tloc           15%        N/A       100%        7
 Disjunction              Tloc           15%        N/A       100%        8
 Dragon's Call            Summ           40%        N/A       100%        9
 Animate Armour           Summ/Erth      Unusable   N/A       N/A         4

Dungeon Overview and Level Annotations

Branches:
Dungeon (15/15)            Temple (0/1) D:6            Lair (5/5) D:8
  Swamp (0/4) Lair:3       Spider (0/4) Lair:3        Slime (0/5) Lair:5
    Orc (2/2) D:9             Elf (2/3) Orc:2        Vaults (0/5) D:14
 Depths (0/4) D:15          Sewer (visited)           IceCv (visited)

Altars:
Ashenzari
Cheibriados
Dithmenos
Elyvilon
Gozag
Makhleb
Nemelex Xobeh
Qazlal
Ru
Sif Muna
Trog
Uskayaw
Vehumet
Wu Jian
Yredelemnul
Zin
Beogh
Jiyva

Shops:
D:2 [   D:5 **   D:6 [   Orc:1 =   Orc:2 :?[(*   Elf:1 [==:   Elf:2 (

Portals:
Trove: Elf:1 (give orange crystal plate armour)

Annotations:
D:11 2 transporters, jiveturtle's ghost, journeyman MDBe
D:12 2 runed translucent doors, Sofotal's ghost, journeyman DjWr
Orc:2 3 runed translucent doors, exclusion: obsidian statue, gosagan's ghost, journeyman OpBr


Innate Abilities, Weirdness & Mutations

You are a creature with a mouth for a stomach.
Your midsection houses a second, enormous mouth.
Your maximum health is decreased, since you lack skill for your form.
You cannot wear most types of armour.
You are amphibious.
You can wear up to eight rings at the same time.
Your skin changes colour to match your surroundings (Stealth+).
Your rubbery body absorbs attacks. (AC +1, EV +1)
((You are camouflaged when in or above water. (Stealth+)))
You have tentacles for arms and can constrict up to eight enemies at once.


Message History

You feel a surge of power!
The iron shot misses the +3 heavy flail.
The +3 heavy flail closely misses you.
Casting: Bombard (dangerous; 1% risk of failure)
Confirm with . or Enter, or press ? or * to list all spells.
Aiming: Bombard (dangerous; 1% risk of failure)
Press: ? - help, Shift-Dir - straight line, f/p - +3 heavy flail
Aim: a +3 heavy flail (58% to hit)
You feel a surge of power!
The iron shot misses the +3 heavy flail.
The blast sends you backwards.
A wild whirl of fire shoots out from the thermic dynamo at you.
The rebounding bolt of fire hits the +3 heavy flail.
The +3 heavy flail resists.
The rebounding bolt of fire hits you! You resist.
Casting: Bombard (dangerous; 1% risk of failure)
Confirm with . or Enter, or press ? or * to list all spells.
Aiming: Bombard (dangerous; 1% risk of failure)
Press: ? - help, Shift-Dir - straight line, f/p - +3 heavy flail
Aim: a +3 heavy flail (lightly damaged, 58% to hit)
You feel a surge of power!
The iron shot hits the +3 heavy flail!!!
The +3 heavy flail falls from the air.
Vehumet accepts your kill.
A wild whirl of ice shoots out from the thermic dynamo at you.
The rebounding bolt of cold hits you!!
* * * LOW HITPOINT WARNING * * *
Casting: Bombard (dangerous; 1% risk of failure)
Confirm with . or Enter, or press ? or * to list all spells.
You can't see any susceptible monsters within range! (Use Z to cast anyway.) Unknown command.
Unknown command.
Casting: Bombard (dangerous; 1% risk of failure)
Confirm with . or Enter, or press ? or * to list all spells.
You feel a surge of power!
You summon a servant imbued with your destructive magic!
The thermic dynamo overflows with ice and vents excess cold at you.
The rebounding bolt of cold hits your spellforged servitor.
Your spellforged servitor resists.
The rebounding bolt of cold hits you!!!
You die...

#...##
.....##
!.v...# ##
......+ +.
......# #.
.....# #.
##9...#
##.
##)##+#
##'# #.
##W###.#
##.## #.#
##.## #.#
##[## #.#
##.## #.#
##.## #.#
##.## #.#
##>##
#.###.##
#.# ##.##
#.##.##
#.# ##.##
#.#.##
###'###.##
###.'##
##.....'##
# ##>..##
#.......#
##


You could see a thermic dynamo (ally target) and a friendly spellforged servitor
(summoned).

Vanquished Creatures
  Gastronok (D:9)
  An orc warlord (Orc:2)
  A frost giant (IceCv)
  3 deep elf death magi
  A deep elf annihilator (Elf:1)
  Snorg (D:10)
  A fire dragon (Lair:5)
  A rakshasa (D:15)
  4 vault guards (D:14)
  8 hydras
  4 centaur warriors
  An anaconda (Lair:5)
  A catoblepas (Lair:4)
  A death knight (D:15)
  5 boulder beetles
  10 dancing weapons
  4 two-headed ogres
  24 death yaks
  A tengu warrior (D:13)
  An occultist (D:13)
  A hell hog (Lair:5)
  Urug (D:12)
  2 orc high priests (Orc:2)
  Nergalle (D:11)
  3 skysharks
  3 skeletal warriors (D:11)
  4 deep elf knights
  5 deep elf archers
  An arcanist (D:14)
  10 thermic dynamos
  An obsidian bat (Orc:2)
  An orc knight (D:15)
  A lindwurm (Lair:5)
  A wolf spider zombie (D:15)
  2 oklob plants (Lair:5)
  14 deep elf pyromancers
  3 phantasmal warriors (D:15)
  13 deep elf zephyrmancers
  2 necromancers
  3 orc sorcerers
  2 wolf spiders (Lair:1)
  11 ugly things
  A faun (shapeshifter) (Elf:2)
  5 cyclopes
  A meliai (D:13)
  4 manticores (D:13)
  Maurice (D:11)
  3 black mambas
  9 kobold blastminers
  14 elephants (Lair:5)
  9 torpor snails
  An ice statue (IceCv)
  A gargoyle (D:11)
  14 cane toads
  12 rime drakes
  2 unseen horrors
  A centaur skeleton (D:15)
  2 unseen horrors (shapeshifter) (D:13)
  8 komodo dragons
  Psyche (D:8)
  3 freezing wraiths
  4 tengu conjurers (D:15)
  12 trolls
  19 polar bears
  Prince Ribbit (D:6)
  9 hornets
  4 tyrant leeches (Lair:5)
  37 blink frogs
  A wolf spider simulacrum (D:15)
  6 dream sheep (Lair:3)
  A raiju (shapeshifter) (D:13)
  4 slime creatures
  Sigmund (D:2)
  A shadow (D:13)
  2 wraiths
  A centaur simulacrum (D:11)
  7 vampires
  6 air elementals
  A wyvern (shapeshifter) (Elf:2)
  A water elemental (Elf:2)
  50 yaks
  5 wyverns
  A fire elemental (Elf:2)
  4 basilisks
  7 vampire mosquitoes
  8 wargs
  2 redbacks (Lair:3)
  Menkaure (D:6)
  3 death yak simulacra (Lair:2)
  2 acid dragons
  17 hell hounds (Lair:5)
  19 water moccasins
  2 meliai simulacra
  26 orc warriors
  A swamp drake (Lair:3)
  An ice beast (D:5)
  Pargi (Sewer)
  13 black bears
  8 ogres
  35 wolves
  8 centaurs
  2 phantoms
  13 bullfrogs
  5 kobold brigands
  A brain worm (shapeshifter) (D:15)
  A brain worm (Sewer)
  A gnoll sergeant (D:7)
  6 scorpions
  2 earth elementals
  3 wights (D:6)
  13 killer bees
  An elephant simulacrum (Lair:2)
  An electric eel (Lair:4)
  4 howler monkeys
  Crazy Yiuf (D:3)
  2 bombardier beetles
  11 orc priests
  2 gnoll boudas
  A hound (D:6)
  5 iguanas
  Ijyb (D:4)
  4 hell rats (Lair:5)
  Natasha (thrice) (D:3)
  A boggart skeleton (D:15)
  16 orc wizards
  15 gnolls
  13 adders
  A shadow imp (D:6)
  2 white imps (D:7)
  7 ufetubi
  A ribbon worm (D:2)
  60 orcs
  4 bats
  4 endoplasms
  9 giant cockroaches
  8 goblins
  6 hobgoblins
  3 jackals (D:4)
  28 kobolds
  4 quokkas
  4 ball pythons
  7 frilled lizards
  6 rats
865 creatures vanquished.

Vanquished Creatures (collateral kills)
  A deep elf death mage (Elf:2)
  A centaur warrior (D:14)
  A boulder beetle (D:14)
  A deep elf archer (Elf:2)
  2 slime creatures
  A deep elf pyromancer (Elf:1)
  3 ugly things
  A cyclops (D:14)
  A kobold blastminer (Orc:2)
  A fire elemental (Elf:1)
  An orc warrior (Orc:1)
  An ogre (Orc:2)
  2 orc priests (D:12)
  2 orc wizards
  4 orcs
23 creatures vanquished.

Vanquished Creatures (others)
  A yak (Lair:4)
  75 fulminant prisms
76 creatures vanquished.

Grand Total: 964 creatures vanquished

Notes
Turn   | Place    | Note
-------+----------+-------------------------------------------
     0 | D:1      | Bediveer the Octopode Conjurer began the quest for the Orb.
     0 | D:1      | Reached XP level 1. HP: 11/11 MP: 3/3
   198 | D:1      | Reached XP level 2. HP: 17/17 MP: 1/5
   202 | D:1      | Learned a level 2 spell: Searing Ray
   613 | D:1      | Reached XP level 3. HP: 21/21 MP: 3/6
  1161 | D:2      | Found Fuar's Armour Emporium.
  1340 | D:2      | Noticed Sigmund
  1344 | D:2      | Killed Sigmund
  1345 | D:2      | Reached skill level 4 in Spellcasting
  1345 | D:2      | Reached skill level 5 in Conjurations
  1345 | D:2      | Reached XP level 4. HP: 27/27 MP: 2/10
  1345 | D:2      | Reached XP level 5. HP: 31/31 MP: 2/11
  2062 | D:3      | Noticed Natasha
  2066 | D:3      | Killed Natasha
  2067 | D:3      | Reached XP level 6. HP: 36/36 MP: 7/12
  2201 | D:3      | Found a glowing silver altar of Zin.
  2297 | D:3      | Found a faded altar of an unknown god.
  2309 | D:3      | Got Plato's Incunabulum of Combustion
  2626 | D:3      | Noticed Natasha
  2629 | D:3      | Killed Natasha
  2659 | D:3      | Noticed Natasha
  2663 | D:3      | Killed Natasha
  2787 | D:3      | Found a stormy altar of Qazlal.
  2854 | D:3      | Found a runed translucent door.
  2855 | D:3      | Noticed Crazy Yiuf
  2934 | D:3      | Killed Crazy Yiuf
  3019 | D:4      | Learned a level 4 spell: Fulminant Prism
  3141 | D:4      | Found a broken altar of Ashenzari.
  3173 | D:4      | Reached skill level 1 in Alchemy
  3254 | D:4      | Found a bloodstained altar of Trog.
  3439 | D:4      | Found an ornate altar of the Wu Jian Council.
  3490 | D:4      | Reached XP level 7. HP: 41/41 MP: 7/14
  3578 | D:4      | Reached skill level 5 in Spellcasting
  3890 | D:4      | Found a sacrificial altar of Ru.
  3981 | D:5      | Entered Level 5 of the Dungeon
  3981 | D:5      | Noticed Ijyb
  4086 | D:4      | Killed Ijyb
  4480 | D:5      | Found a glowing drain.
  4528 | Sewer    | Entered a sewer
  4534 | Sewer    | Learned a level 4 spell: Iskenderun's Mystic Blast
  4554 | Sewer    | Reached XP level 8. HP: 40/46 MP: 4/16
  4652 | Sewer    | Noticed Pargi
  4656 | Sewer    | Killed Pargi
  5078 | D:5      | Reached skill level 6 in Spellcasting
  5346 | D:5      | Found Xuivau Vezy's General Store.
  5349 | D:5      | Found Cathriddu's Specific Store.
  5358 | D:5      | Bought a staff of conjuration for 300 gold pieces
  5853 | D:6      | Noticed Menkaure
  5944 | D:6      | Found a radiant altar of Vehumet.
  5955 | D:6      | Became a worshipper of Vehumet
  6051 | D:6      | Found Biphotux's Armour Boutique.
  6058 | D:6      | Killed Menkaure
  6062 | D:6      | Reached skill level 7 in Spellcasting
  6062 | D:6      | Reached XP level 9. HP: 51/51 MP: 17/19
  6328 | D:6      | Found a shadowy altar of Dithmenos.
  6553 | D:6      | Noticed Prince Ribbit
  6559 | D:6      | Killed Prince Ribbit
  6715 | D:6      | Found a staircase to the Ecumenical Temple.
  6883 | D:6      | Reached skill level 8 in Spellcasting
  6894 | D:6      | Learned a level 5 spell: Iskenderun's Battlesphere
  6942 | D:6      | Reached * piety under Vehumet
  6942 | D:6      | Offered knowledge of Sandblast by Vehumet.
  7299 | D:6      | Found a bloodstained altar of Trog.
  7330 | D:7      | Reached skill level 1 in Fighting
  7500 | D:7      | Found a burning altar of Makhleb.
  7628 | D:7      | Found a sparkling altar of Nemelex Xobeh.
  8003 | D:8      | Reached skill level 10 in Conjurations
  8003 | D:8      | Reached XP level 10. HP: 61/61 MP: 20/22
  8295 | D:8      | Noticed Psyche
  8305 | D:8      | Killed Psyche
  8306 | D:8      | Reached skill level 9 in Spellcasting
  8531 | D:8      | Found a staircase to the Lair.
  8545 | D:8      | Offered knowledge of Shock by Vehumet.
  8648 | D:8      | Reached ** piety under Vehumet
  8733 | D:8      | Found a snail-covered altar of Cheibriados.
  9211 | D:8      | Noticed a manticore
  9494 | D:9      | Learned a level 6 spell: Bombard
  9619 | D:9      | Noticed a two-headed ogre
  9624 | D:9      | Killed a two-headed ogre
  9716 | D:9      | Found a staircase to the Orcish Mines.
 10138 | D:9      | Offered knowledge of Frozen Ramparts by Vehumet.
 10300 | D:9      | Found a white marble altar of Elyvilon.
 10341 | D:9      | Noticed Gastronok
 10354 | D:9      | Killed Gastronok
 10355 | D:9      | Reached skill level 10 in Spellcasting
 10355 | D:9      | Reached skill level 5 in Earth Magic
 10355 | D:9      | Reached XP level 11. HP: 52/67 MP: 5/25
 10503 | D:9      | You are sucked into a shaft and drop 2 floors!
 10503 | D:11     | Found a shimmering blue altar of Sif Muna.
 10516 | D:10     | Entered Level 10 of the Dungeon
 10587 | D:9      | Found a basalt altar of Yredelemnul.
 11210 | D:10     | Noticed Snorg
 11218 | D:10     | Killed Snorg
 11783 | D:10     | Noticed a deep elf pyromancer
 11793 | D:10     | Killed a deep elf pyromancer
 11926 | Lair:1   | Entered Level 1 of the Lair of Beasts
 12186 | Lair:1   | Reached *** piety under Vehumet
 12271 | Lair:1   | Noticed a wolf spider
 12279 | Lair:1   | Killed a wolf spider
 12707 | Lair:1   | Noticed a wolf spider
 12711 | Lair:1   | Killed a wolf spider
 12804 | Lair:1   | Reached XP level 12. HP: 28/72 MP: 26/26
 12804 | Lair:1   | Offered knowledge of Volatile Blastmotes by Vehumet.
 12848 | Lair:1   | Noticed a six-headed hydra
 12853 | Lair:1   | Killed a six-headed hydra
 13240 | Lair:1   | Reached skill level 11 in Spellcasting
 13539 | Lair:1   | Identified the +1 rapier of Hutoveo {flame, rPois Int+2}
 14077 | Lair:2   | Found a frozen archway.
 14103 | IceCv    | Entered an ice cave
 14239 | IceCv    | Reached **** piety under Vehumet
 14257 | IceCv    | Reached skill level 10 in Earth Magic
 14397 | IceCv    | Noticed a death yak
 14397 | IceCv    | Noticed a death yak
 14427 | IceCv    | Noticed a death yak
 14430 | IceCv    | Killed a death yak
 14433 | IceCv    | Killed a death yak
 14437 | IceCv    | Killed a death yak
 14437 | IceCv    | Offered knowledge of Brom's Barrelling Boulder by Vehumet.
 14512 | IceCv    | Learned a level 4 spell: Brom's Barrelling Boulder
 14790 | IceCv    | Reached skill level 12 in Spellcasting
 14854 | IceCv    | Noticed a death yak
 14860 | IceCv    | Killed a death yak
 14860 | IceCv    | Noticed a death yak
 14861 | IceCv    | Reached XP level 13. HP: 77/77 MP: 13/29
 15024 | IceCv    | Noticed a frost giant
 15028 | IceCv    | Killed a frost giant
 15655 | Lair:2   | Reached ***** piety under Vehumet
 15655 | Lair:2   | Offered knowledge of Eringya's Noxious Bog by Vehumet.
 15661 | Lair:2   | Reached skill level 13 in Spellcasting
 16394 | Lair:3   | You are sucked into a shaft and drop 1 floor!
 16426 | Lair:4   | Reached skill level 15 in Conjurations
 16529 | Lair:4   | Reached skill level 14 in Spellcasting
 16912 | Lair:4   | Reached XP level 14. HP: 83/83 MP: 26/32
 17172 | Lair:4   | Found a snail-covered altar of Cheibriados.
 17320 | Lair:4   | Reached skill level 15 in Spellcasting
 17930 | Lair:3   | Found a hole to the Spider Nest.
 18060 | Lair:3   | Reached skill level 16 in Spellcasting
 18350 | Lair:3   | Found a staircase to the Swamp.
 19139 | Lair:5   | Entered Level 5 of the Lair of Beasts
 19514 | Lair:5   | Reached skill level 17 in Spellcasting
 19517 | Lair:5   | Reached XP level 15. HP: 73/88 MP: 36/36
 19625 | Lair:4   | Learned a level 4 spell: Summon Blazeheart Golem
 19657 | Lair:5   | Offered knowledge of Flame Wave by Vehumet.
 19665 | Lair:5   | Reached skill level 1 in Summonings
 20033 | Lair:5   | Reached skill level 5 in Fighting
 20202 | Lair:5   | Reached skill level 5 in Summonings
 20259 | Lair:5   | Identified the maw talisman of Devotion {rElec rCorr Str-3
                  | Int+3}
 20439 | Lair:5   | Reached ****** piety under Vehumet
 20441 | Lair:5   | Reached skill level 1 in Shapeshifting
 20556 | Lair:5   | Identified the +1 pair of gloves of the Flute {Will+ Slay+2
                  | SInv}
 21175 | Lair:5   | Found a staircase to the Slime Pits.
 21259 | Lair:5   | Found a viscous altar of Jiyva.
 22106 | Orc:1    | Entered Level 1 of the Orcish Mines
 22391 | Orc:2    | Entered Level 2 of the Orcish Mines
 22802 | Orc:2    | Offered knowledge of Plasma Beam by Vehumet.
 23056 | Orc:2    | Found a roughly hewn altar of Beogh.
 23133 | Orc:2    | Found Soas's Book Shoppe.
 23190 | Orc:2    | Found a roughly hewn altar of Beogh.
 23292 | Orc:2    | Found Nephil's Magic Scroll Shoppe.
 23297 | Orc:2    | Bought a scroll of teleportation for 30 gold pieces
 23297 | Orc:2    | Bought a scroll of blinking for 75 gold pieces
 23297 | Orc:2    | Bought a scroll of identify for 20 gold pieces
 23297 | Orc:2    | Bought 3 scrolls of identify for 60 gold pieces
 23400 | Orc:2    | Found a staircase to the Elven Halls.
 23526 | Orc:2    | Noticed an orc warlord
 23543 | Orc:2    | Killed an orc warlord
 23549 | Orc:2    | Reached skill level 5 in Shapeshifting
 23730 | Orc:2    | Learned a level 7 spell: Spellforged Servitor
 23816 | Orc:2    | Found Wigaoloss's Antique Weapon Shop.
 23818 | Orc:2    | Found a roughly hewn altar of Beogh.
 23819 | Orc:2    | Found Oluclaido's Antique Armour Boutique.
 23872 | Orc:2    | Found a roughly hewn altar of Beogh.
 23929 | Orc:2    | Found a runed translucent gate.
 23930 | Orc:2    | Found a runed translucent gate.
 23930 | Orc:2    | Found an opulent altar of Gozag.
 23931 | Orc:2    | Found a runed translucent gate.
 24032 | Orc:2    | Noticed gosagan's ghost (journeyman OpBr)
 24048 | Orc:2    | Found Kiut's Assorted Antiques.
 24070 | Orc:2    | Reached XP level 16. HP: 82/98 MP: 37/37
 24115 | Orc:2    | Found a roughly hewn altar of Beogh.
 24228 | Orc:2    | Found a roughly hewn altar of Beogh.
 24312 | Orc:2    | Found a roughly hewn altar of Beogh.
 24566 | Orc:1    | Found Tuunirao's Jewellery Boutique.
 24588 | Orc:1    | Bought a ring of magical power for 320 gold pieces
 24588 | Orc:1    | Bought a +4 ring of protection for 576 gold pieces
 24839 | Orc:1    | Found a roughly hewn altar of Beogh.
 24928 | Orc:1    | Offered knowledge of Lee's Rapid Deconstruction by Vehumet.
 25058 | Orc:1    | Learned a level 5 spell: Lee's Rapid Deconstruction
 25536 | D:11     | Upgraded the game from 0.32-a0-886-g41c5271027 to
                  | 0.32-a0-893-gf85d74f360
 25605 | D:11     | Noticed jiveturtle's ghost (journeyman MDBe)
 25683 | D:11     | Found a transporter.
 25688 | D:11     | Found a transporter.
 25888 | D:11     | Noticed Nergalle
 25894 | D:11     | Killed Nergalle
 25965 | D:11     | Noticed Maurice
 25980 | D:11     | Killed Maurice
 26250 | D:11     | Learned a level 6 spell: Permafrost Eruption
 26279 | D:12     | Found a large runed translucent door.
 26279 | D:12     | Found a large runed translucent door.
 26283 | D:12     | Noticed Sofotal's ghost (journeyman DjWr)
 26371 | D:12     | Noticed Urug
 26373 | D:12     | Killed Urug
 26776 | D:12     | Found a stormy altar of Qazlal.
 27601 | D:13     | Reached skill level 1 in Ice Magic
 27985 | D:13     | Identified the amulet "Hetty" {Faith rPois Dex+2}
 28839 | D:13     | Offered knowledge of Ozocubu's Refrigeration by Vehumet.
 28849 | D:13     | Learned a level 7 spell: Ozocubu's Refrigeration
 29302 | D:14     | Found a hide-covered altar of Uskayaw.
 29989 | D:14     | Found a gate to the Vaults.
 30280 | D:15     | Entered Level 15 of the Dungeon
 30331 | D:15     | Reached XP level 17. HP: 90/107 MP: 38/38
 30340 | D:15     | Reached skill level 5 in Dodging
 30858 | D:15     | Found a staircase to the Depths.
 31571 | D:14     | Reached skill level 10 in Summonings
 31761 | Elf:1    | Entered Level 1 of the Elven Halls
 31764 | Elf:1    | Upgraded the game from 0.32-a0-893-gf85d74f360 to
                  | 0.32-a0-898-g7811c86cf0
 32035 | Elf:1    | Identified the +6 hand axe of Haihak {antimagic, rC+ Str+5
                  | Dex+2}
 32373 | Elf:1    | Found a portal to a secret trove of treasure.
 32530 | Elf:1    | Found Lan Wewu's Jewellery Shoppe.
 32578 | Elf:1    | Found Lode's Book Shop.
 32580 | Elf:1    | Found Radiemua's Jewellery Shoppe.
 32809 | Elf:1    | Reached skill level 5 in Ice Magic
 33000 | Elf:1    | Offered knowledge of Starburst by Vehumet.
 33231 | Elf:1    | Found Itzi's Antique Armour Shoppe.
 33622 | Elf:2    | Found Zuompo's Antique Weapon Boutique.
 34467 | Elf:2    | Killed from afar by a thermic dynamo

Illustrated notes

Levels and vault maps discovered:
D:1:      heliophobic_arrival_henge, layout_basic, supply_closet_lemuel,
          minmay_tromino_i4
D:2:      layout_loops_ring, serial_shops, shop_statue, uniq_sigmund
D:3:      layout_basic, zin_academy, overflow_temple_1_default,
          shapermc_ecumenical_altar_rom_forum, uniq_natasha,
          uniq_crazy_yiuf_cottage
D:4:      layout_basic, lemuel_doored_altar, mainiacjoe_overflow_24_doors,
          nzn_wu_jian_contemplation, nicolae_ru_great_annihilating_truth
D:5:      layout_loops_corners, portal_sewer_entry_b, nicolae_specific_store,
          uniq_ijyb
D:6:      kennysheep_spiral_hall, layout_loops_cross, lemuel_crystal_altar,
          minmay_temple_entry_trees, serial_shops, nicolae_shop_tiny_waterfront,
          hangedman_feature_mirror, uniq_menkaure, uniq_prince_ribbit1
D:7:      layout_cave_pools, mainiacjoe_overflow_alcove_2,
          nemelex_spade_bored_becter
D:8:      layout_loops_cross, chei_slow_surprise, david_lair_shrubbed,
          wad_mini_maze, uniq_psyche
D:9:      layout_basic, kennysheep_ying_yang, uniq_gastronok
D:10:     layout_long_grid, guppyfry_early_elven_hall, uniq_snorg
D:11:     minmay_coctagon, layout_cave_pools, gammafunk_ghost_hive,
          led_sif_pool, uniq_nergalle, uniq_maurice
D:12:     layout_loops_corners, ebering_ghost_disaster_area,
          serial_bayou_pond_e, nicolae_qazlal_scattered_showers, uniq_urug
D:13:     minmay_the_grid_octo_tiled_octocenter [minmay_the_grid_octo_77,
          minmay_the_grid_octo_clover, minmay_the_grid_octo_focus,
          minmay_the_grid_octo_checkerflower,
          minmay_the_grid_octo_prize_single_spiral,
          minmay_the_grid_square_5x5_inner_v,
          minmay_the_grid_square_5x5_percent,
          minmay_the_grid_square_5x5_misaligned,
          minmay_the_grid_square_5x5_two_walls_a], layout_loops_corners,
          minmay_misc_feat_rugged
D:14:     layout_cross, lightli_vaults_fourway_checkpoint, glass_columns_a,
          minivault_16, dancing_weapons_uskayaw
D:15:     grunt_enter_depths_magical_seal, layout_long_grid,
          nicolae_twisty_statue_hallways
Lair:1:   minmay_lair_venomous_thicket, layout_layer_cave
Lair:2:   layout_regular_city, portal_ice_cave_entry_ice_simulacra,
          columned_hall_lemuel
Lair:3:   layout_chaotic_city, minmay_swamp_entry_reptiles,
          spider_nest_entry_webs, lemuel_fruit_fields
Lair:4:   layout_concentric_octagons, kennysheep_snail_temple,
          grunt_megastairs_5, serial_bayou_shore_b, lemuel_fruit_fields
Lair:5:   wormcave, layout_hall_layers, hangedman_lair_caniforms_friends,
          minmay_slime_entry_oklob_open
Orc:1:    layout_caves, basic_altar, serial_shops,
          nicolae_shop_advertising_works [nicolae_subvault_shop_adworks]
Orc:2:    grunt_orc_community_town_hall, layout_caves,
          grunt_orc_community_big_house_2, grunt_orc_community_big_house_2,
          grunt_orc_community_house_1, grunt_orc_community_house_2,
          grunt_orc_community_house_2, grunt_orc_community_house_3, basic_altar,
          ebering_ghost_gozag
Elf:1:    layout_loops_ring, serial_shops,
          nicolae_shop_temple_entry_statues_fountains, enter_trove_2,
          evilmike_minifort, minmay_shop_grove
Elf:2:    elven_hall_of_blades_hangedman_alternative [mumra_blade_entry_dagger],
          layout_geoelf_grid, serial_shops, nicolae_shop_dealshenge

Skill      XL: |  1  2  3  4  5  6  7  8  9 10 11 12 13 14 15 16 17 |
---------------+----------------------------------------------------+-----
Spellcasting   | 4 5 7 8 10 12 14 17 | 17.4
Conjurations   | 5 6 7 8 10 11 12 13 15 | 15.0
Alchemy        | 1 3 4 |  4.0
Fighting       | 2 3 5 6 8 |  8.0
Earth Magic    | 5 8 10 11 | 11.9
Summonings     | 8 9 10 | 10.0
Shapeshifting  | 5 7 8 |  8.7
Dodging        | 4 7 |  7.1
Ice Magic      | 3 6 |  6.1
Stealth        | |  2.6

Action                     |  1- 3 |  4- 6 |  7- 9 | 10-12 | 13-15 | 16-18 || total
---------------------------+-------+-------+-------+-------+-------+-------++-------
  Melee: Unarmed           |     3 |       |       |       |       |       ||     3
         Constrict         |     2 |     1 |     1 |     1 |       |     1 ||     6
         Dagger            |     3 |       |       |       |       |       ||     3
         Short sword       |       |     2 |       |       |       |       ||     2
         Tentacles         |       |     1 |     4 |     1 |       |     1 ||     7
         Quarterstaff      |       |       |     8 |       |       |       ||     8
         Staff             |       |       |     3 |     4 |       |    16 ||    23
   Cast: Magic Dart        |    56 |    55 |    83 |   100 |   647 |   108 ||  1049
         Searing Ray       |     1 |     6 |    49 |    72 |    10 |       ||   138
         Fulminant Prism   |       |       |    12 |    34 |    22 |     7 ||    75
         Iskenderun's Myst |       |       |     5 |    58 |   110 |    53 ||   226
         Iskenderun's Batt |       |       |       |    18 |    96 |    18 ||   132
         Bombard           |       |       |       |     1 |    16 |   226 ||   243
         Brom's Barrelling |       |       |       |     1 |     6 |     9 ||    16
         Summon Blazeheart |       |       |       |       |     1 |       ||     1
         Spellforged Servi |       |       |       |       |       |    19 ||    19
         Permafrost Erupti |       |       |       |       |       |    17 ||    17
         Lee's Rapid Decon |       |       |       |       |       |     1 ||     1
    Use: Scroll            |       |     5 |     2 |     8 |    11 |     8 ||    34
         Potion            |       |       |     1 |       |       |     2 ||     3
 Armour: Skin              |     5 |     4 |    56 |    76 |   129 |   100 ||   370
  Dodge: Dodged            |     7 |     3 |    69 |    42 |    82 |    52 ||   255
  Block: Other             |       |       |     2 |    19 |    33 |    16 ||    70
         Reflection        |       |       |       |     1 |     3 |    14 ||    18
         Buckler           |       |       |       |       |       |     7 ||     7
   Form: Maw               |       |       |       |       |       |     1 ||     1

Table legend: (Time is in decaauts)
 A = Elapsed time spent in this place.
 B = Non-inter-level travel time spent in this place.
 C = Inter-level travel time spent in this place.
 D = Time resting spent in this place.
 E = Time spent auto-exploring this place.
 F = Levels seen in this place.
 G = Mean time per level.
                   A        B        C        D        E       F      G
               +--------+--------+--------+--------+--------+-----+--------+
         Total |  34527 |  32718 |   1809 |   1427 |  27031 |  26 | 1328.0 |
       Dungeon |  18571 |  17313 |   1258 |    613 |  14716 |  15 | 1238.1 |
          Lair |   8948 |   8618 |    330 |    352 |   6922 |   5 | 1789.6 |
  Orcish Mines |   2879 |   2696 |    183 |    349 |   1959 |   2 | 1439.5 |
   Elven Halls |   2705 |   2668 |     37 |    113 |   2284 |   2 | 1352.5 |
         Sewer |    220 |    220 |      0 |      0 |    187 |   1 |  220.0 |
      Ice Cave |   1201 |   1201 |      0 |      0 |    963 |   1 | 1201.0 |
               +--------+--------+--------+--------+--------+-----+--------+

Top non-repeatable levels by time:
  Lair:5: 2417 daAuts
  Lair:1: 2128 daAuts
   Orc:2: 2095 daAuts
  Lair:4: 2018 daAuts
   Elf:1: 1782 daAuts
    D:13: 1760 daAuts
     D:9: 1582 daAuts
     D:8: 1573 daAuts
     D:5: 1449 daAuts
     D:6: 1410 daAuts
     D:4: 1393 daAuts
  Lair:3: 1344 daAuts
    D:15: 1275 daAuts
    D:14: 1241 daAuts
   IceCv: 1201 daAuts
